 Dungeon Crawl Stone Soup version 0.24.0-37-gcf1ca852f1 (webtiles) character file.

Game seed: 12019028942035016345, levelgen mode: deterministic

197 FishyPogo the Charmwright (level 5, 0/43 HPs)
             Began as a Gnoll Skald on Dec 1, 2019.
             Was an Initiate of Nemelex Xobeh.
             Slain by an orc (1 damage)
             ... on level 3 of the Dungeon.
             The game lasted 00:07:42 (1828 turns).

FishyPogo the Charmwright (Gnoll Skald)             Turns: 1828, Time: 00:07:43

Health: 0/43       AC:  4    Str: 14    XL:     5   Next: 75%
Magic:  5/12       EV: 14    Int: 15    God:    Nemelex Xobeh [......]
Gold:   134        SH:  0    Dex: 15    Spells: 3/14 levels left

rFire    . . .     SeeInvis .   a - +0 short sword
rCold    . . .     Gourm    .   (no shield)
rNeg     . . .     Faith    .   b - +0 leather armour
rPois    .         Spirit   .   (no helmet)
rElec    .         Reflect  .   q - +0 cloak (curse)
rCorr    .         Harm     .   (no gloves)
MR       .....                  (no boots)
Stlth    ++........             (no amulet)
HPRegen  0.14/turn              (no ring)
MPRegen  0.13/turn              (no ring)

@: flying
A: distributed training, fangs 1, strong nose
a: Draw Escape, Draw Destruction, Draw Summoning, Renounce Religion


You were on level 3 of the Dungeon.
You worshipped Nemelex Xobeh.
Nemelex Xobeh was noncommittal.
You were hungry.

You visited 1 branch of the dungeon, and saw 3 of its levels.

You collected 134 gold pieces.

Inventory:

Hand Weapons
 a - a +0 short sword (weapon)
 p - a +2 quarterstaff of chaos
Missiles
 c - 75 stones (quivered)
 s - a poisoned dart
Armour
 b - a +0 leather armour (worn)
 q - a cursed +0 cloak (worn)
Scrolls
 e - a scroll of teleportation {unknown}
 f - 4 scrolls of identify {unknown}
 h - a scroll of immolation {unknown}
 j - a scroll of blinking {unknown}
 l - 2 scrolls of remove curse {unknown}
 o - a scroll of fog {unknown}
 t - a scroll of enchant armour {unknown}
Potions
 g - a potion of magic {unknown}
 i - a potion of flight
 k - a potion of heal wounds
 n - a potion of haste {unknown}
 r - a potion of might {unknown}
Comestibles
 d - 7 rations
 m - 5 chunks of flesh


   Skills:
 + Level 4.8 Fighting
 + Level 4.8 Short Blades
 + Level 1.6 Long Blades
 + Level 1.6 Axes
 + Level 1.6 Maces & Flails
 + Level 1.6 Polearms
 + Level 1.6 Staves
 + Level 1.6 Slings
 + Level 1.6 Bows
 + Level 1.6 Crossbows
 + Level 1.6 Throwing
 + Level 3.0 Armour
 + Level 4.8 Dodging
 + Level 1.6 Stealth
 + Level 1.6 Shields
 + Level 1.6 Unarmed Combat
 + Level 5.2 Spellcasting
 + Level 1.2 Conjurations
 + Level 1.2 Hexes
 + Level 5.5 Charms
 + Level 1.2 Summonings
 + Level 1.2 Necromancy
 + Level 1.2 Translocations
 + Level 1.2 Transmutations
 + Level 1.2 Fire Magic
 + Level 1.2 Ice Magic
 + Level 1.2 Air Magic
 + Level 1.2 Earth Magic
 + Level 1.2 Poison Magic
 + Level 1.8 Invocations
 + Level 1.6 Evocations


You had 3 spell levels left.
You knew the following spells:

 Your Spells              Type           Power        Failure   Level  Hunger
h - Regeneration          Chrm/Necr      ##........   14%         3    ###....
n - Spectral Weapon       Hex/Chrm       ##......     14%         3    ###....
p - Shroud of Golubria    Chrm/Tloc      ##....       8%          2    ##.....
u - Song of Slaying       Chrm           ###.....     3%          2    ##.....
y - Infusion              Chrm           ###.         1%          1    None

Your spell library contained the following spells:

 Spells                   Type           Power        Failure   Level  Hunger


Dungeon Overview and Level Annotations

Branches:
Dungeon (3/15)

Altars:
Nemelex Xobeh
Yredelemnul


Innate Abilities, Weirdness & Mutations

Your experience applies equally to all skills.
You have very sharp teeth.
Your uncanny sense of smell can sniff out nearby items.


Message History

The orc wizard mumbles some strange words.
The orc wizard blinks!
The orc hits you with a +0 mace.
* * * LOW HITPOINT WARNING * * *
You hit the orc but do no damage.
The orc is almost dead.
The orc wizard casts a spell.
The orc wizard blinks!
You hit the orc.
You kill the orc!
You hit the orc but do no damage.
The orc is severely wounded.
Your skin stops crawling.
The orc wizard closely misses you. The orc misses you.
The orc wizard hits you with a +0 dagger.
* * * LOW HITPOINT WARNING * * *
It was a potion of flight.
You feel very buoyant.
You fly up into the air.
The orc wizard closely misses you. The orc hits you.
You die...
Your body disappears without a glow.

#.....##..... #.#
##########.#_..... ∆ #..
...........##.....
#############8...8 # ##8##
# ########## ########
#......()##... .......#
#####o(.)...... .......#
#@#####....
.......#########o#...'r...
................r†..# o
........#######(#####
........#######)#####
....................#
....................#
.......#)...........#
.......#............#


You could see an orc wizard, an orc and a rat.

Vanquished Creatures
  An orc priest (D:3)
  Crazy Yiuf (D:2)
  An orc wizard (D:3)
  4 adders
  4 dart slugs
  4 leopard geckos
  4 orcs (D:3)
  A ball python (D:2)
  10 goblins
  7 hobgoblins
  2 jackals (D:3)
  2 quokkas (D:2)
  5 bats
  3 frilled lizards
  7 kobolds
  7 rats
63 creatures vanquished.

Notes
Turn   | Place    | Note
-------+----------+-------------------------------------------
     0 | D:1      | FishyPogo the Gnoll Skald began the quest for the Orb.
     0 | D:1      | Reached XP level 1. HP: 20/20 MP: 6/6
   100 | D:1      | Reached XP level 2. HP: 23/26 MP: 7/7
   108 | D:1      | Learned a level 2 spell: Song of Slaying
   111 | D:1      | Learned a level 2 spell: Shroud of Golubria
   679 | D:2      | Reached skill level 5 in Spellcasting
   679 | D:2      | Reached XP level 3. HP: 31/31 MP: 7/9
   735 | D:2      | Learned a level 3 spell: Regeneration
   739 | D:2      | Learned a level 3 spell: Spectral Weapon
   864 | D:2      | Reached skill level 1 in Invocations
   964 | D:2      | Reached skill level 1 in Long Blades
   964 | D:2      | Reached skill level 1 in Axes
   964 | D:2      | Reached skill level 1 in Maces & Flails
   964 | D:2      | Reached skill level 1 in Polearms
   964 | D:2      | Reached skill level 1 in Staves
   964 | D:2      | Reached skill level 1 in Slings
   964 | D:2      | Reached skill level 1 in Bows
   964 | D:2      | Reached skill level 1 in Crossbows
   964 | D:2      | Reached skill level 1 in Throwing
   964 | D:2      | Reached skill level 1 in Stealth
   964 | D:2      | Reached skill level 1 in Shields
   964 | D:2      | Reached skill level 1 in Unarmed Combat
   964 | D:2      | Reached skill level 1 in Evocations
  1028 | D:2      | Reached XP level 4. HP: 38/38 MP: 7/11
  1167 | D:2      | Found a runed translucent door.
  1168 | D:2      | Noticed Crazy Yiuf
  1186 | D:2      | Killed Crazy Yiuf
  1262 | D:2      | Reached skill level 1 in Conjurations
  1262 | D:2      | Reached skill level 1 in Hexes
  1262 | D:2      | Reached skill level 1 in Summonings
  1262 | D:2      | Reached skill level 1 in Necromancy
  1262 | D:2      | Reached skill level 1 in Translocations
  1262 | D:2      | Reached skill level 1 in Transmutations
  1262 | D:2      | Reached skill level 1 in Fire Magic
  1262 | D:2      | Reached skill level 1 in Ice Magic
  1262 | D:2      | Reached skill level 1 in Air Magic
  1262 | D:2      | Reached skill level 1 in Earth Magic
  1262 | D:2      | Reached skill level 1 in Poison Magic
  1396 | D:3      | Found a sparkling altar of Nemelex Xobeh.
  1400 | D:3      | Became a worshipper of Nemelex Xobeh the Trickster
  1468 | D:3      | Received a gift from Nemelex Xobeh
  1589 | D:3      | Reached XP level 5. HP: 43/43 MP: 10/12
  1622 | D:3      | Found a basalt altar of Yredelemnul.
  1824 | D:3      | HP: 2/43 [orc/+0 mace (6)]
  1828 | D:3      | Slain by an orc

Levels and vault maps discovered:
D:1:      minmay_arrival_diagonal_passages, layout_basic, minmay_tromino_v4_b
D:2:      layout_loops_cross, first_ration, uniq_crazy_yiuf_cottage
D:3:      layout_basic, nicolae_overflow_hidden_temple,
          nemelex_xobeh_ov_fountains_minmay, minmay_misc_feat_doors

Skill      XL: |  1  2  3  4  5 |
---------------+----------------+-----
Spellcasting   | 5 |  5.2
Invocations    | 1 |  1.8
Long Blades    | 1 |  1.6
Axes           | 1 |  1.6
Maces & Flails | 1 |  1.6
Polearms       | 1 |  1.6
Staves         | 1 |  1.6
Slings         | 1 |  1.6
Bows           | 1 |  1.6
Crossbows      | 1 |  1.6
Throwing       | 1 |  1.6
Stealth        | 1 |  1.6
Shields        | 1 |  1.6
Unarmed Combat | 1 |  1.6
Evocations     | 1 |  1.6
Conjurations   | 1 |  1.2
Hexes          | 1 |  1.2
Summonings     | 1 |  1.2
Necromancy     | 1 |  1.2
Translocations | 1 |  1.2
Transmutations | 1 |  1.2
Fire Magic     | 1 |  1.2
Ice Magic      | 1 |  1.2
Air Magic      | 1 |  1.2
Earth Magic    | 1 |  1.2
Poison Magic   | 1 |  1.2
Armour         | 3 |  3.0
Fighting       | |  4.8
Short Blades   | |  4.8
Dodging        | |  4.8
Charms         | |  5.5

Action                   |  1- 3 |  4- 6 || total
-------------------------+-------+-------++-------
Melee: Short sword       |   115 |   137 ||   252
       Bite              |    10 |    13 ||    23
Throw: Stone             |     2 |     1 ||     3
 Cast: Infusion          |     3 |     1 ||     4
       Spectral Weapon   |     2 |     9 ||    11
       Shroud of Golubri |     2 |     2 ||     4
       Regeneration      |     1 |     4 ||     5
  Use: Potion            |       |     1 ||     1
 Stab: Sleeping          |     4 |     1 ||     5
       Distracted        |     1 |     1 ||     2
  Eat: Chunk             |     1 |     3 ||     4
Armor: Leather armour    |    11 |    20 ||    31
Dodge: Dodged            |    67 |    98 ||   165
